 Dungeon Crawl Stone Soup version 0.29.1-2-gbd0b4ee654 (webtiles) character file.

Game seed: 2664574996027484191

83 qeuew the Sneak (level 4, -1/37 HPs)
             Began as a Naga Hedge Wizard on Nov 4, 2022.
             Slain by an orc
             ... wielding a +0 short sword
              (2 damage)
             ... on level 3 of the Dungeon.
             The game lasted 00:05:29 (3243 turns).

qeuew the Sneak (Naga Hedge Wizard)                 Turns: 3243, Time: 00:05:30

Health: -1/37      AC:  3    Str: 13    XL:     4   Next: 44%
Magic:  1/9        EV:  8    Int: 16    God:
Gold:   39         SH:  0    Dex:  8    Spells: 9/10 levels left

rFire   . . .      SeeInvis +   (no weapon)
rCold   . . .      Faith    .   (no shield)
rNeg    . . .      Spirit   .   i - +0 ring mail
rPois   +          Reflect  .   c - +0 hat
rElec   .          Harm     .   (no cloak)
rCorr   .          Rampage  .   (no gloves)
Will    .....                   (no barding)
Stlth   ++........              (no amulet)
HPRegen 0.12/turn               (no ring)
MPRegen 0.11/turn               (no ring)

@: very slow
A: AC +1, large, see invisible, deformed body, poison resistance, slowness 2,
spit poison 1, naga tail 1, clumsy 1
a: Spit Poison


You were on level 3 of the Dungeon.
You visited 1 branch of the dungeon, and saw 3 of its levels.

You collected 39 gold pieces.

Inventory:

Armour
 b - a +0 robe
 c - a +0 hat (worn)
 i - a +0 ring mail (worn)
Scrolls
 e - a scroll of magic mapping
 f - 2 scrolls of blinking
 h - a scroll of identify
Potions
 a - a potion of heal wounds
 d - a potion of magic
 g - 3 potions of curing


   Skills:
 * Level 0.6 Fighting
 * Level 0.6 Armour
 * Level 1.7 Dodging
 * Level 4.1 Stealth
 + Level 3.5 Spellcasting
 * Level 2.3 Conjurations
 + Level 1.0 Summonings
 + Level 1.0 Translocations


You had 9 spell levels left.
You knew the following spells:

 Your Spells              Type           Power      Damage    Failure   Level
a - Magic Dart            Conj           40%        1d5       14%         1

Your spell library contained the following spells:

 Spells                   Type           Power      Damage    Failure   Level
 Static Discharge         Conj/Air       6%         3-4/arc   34%         2
 Freeze                   Ice            8%         1d3       36%         1
 Slow                     Hex            8%         N/A       36%         1
 Blink                    Tloc           12%        N/A       36%         2
 Call Imp                 Summ           6%         N/A       36%         2
 Conjure Flame            Conj/Fire      6%         6-21      56%         3
 Mephitic Cloud           Conj/Pois/Air  5%         N/A       63%         3
 Confusing Touch          Hex            2%         N/A       75%         3
 Alistair's Intoxication  Tmut/Pois      1%         N/A       100%        5
 Borgnjor's Vile Clutch   Necr/Erth      1%         N/A       100%        5
 Lightning Bolt           Conj/Air       3%         1d14      100%        5
 Yara's Violent Unravell  Hex/Tmut       1%         3d3       100%        5
 Eringya's Noxious Bog    Tmut/Pois      1%         N/A       100%        6
 Enfeeble                 Hex            1%         N/A       100%        7
 Maxwell's Capacitive Co  Air            1%         ∞         100%        8


Dungeon Overview and Level Annotations

Branches:
Dungeon (3/15)

Altars:


Innate Abilities, Weirdness & Mutations

Your serpentine skin is tough. (AC +1)
You have supernaturally acute eyesight. (SInv)
Armour fits poorly on your strangely shaped body.
Your system is resistant to poisons. (rPois)
You cover ground very slowly.
You can spit poison.
You have a snake-like lower body.
You are clumsy. (Dex -2)


Message History

The orc is heavily wounded.
The magic dart hits the orc but does no damage.
The orc is heavily wounded.
The magic dart hits the orc.
The orc is almost dead.
The orc hits you but does no damage. The orc hits you with a +0 flail.
The magic dart hits the orc but does no damage.
The orc is almost dead.
The orc hits you with a +0 short sword. The orc misses you.
You are out of magic!
You are out of magic!
You are out of magic!
You are out of magic!
You barely miss the orc.
The orc is almost dead.
The orc barely misses you. The orc closely misses you.
You completely miss the orc.
The orc is almost dead.
The orc barely misses you. The orc hits you with a +0 flail.
You closely miss the orc.
The orc is almost dead.
The orc hits you with a +0 short sword. The orc hits you with a +0 flail!
You hit the orc but do no damage.
The orc is almost dead.
The orc barely misses you. The orc hits you with a +0 flail.
* * * LOW HITPOINT WARNING * * *
You barely miss the orc.
The orc is almost dead.
The orc hits you but does no damage. The orc closely misses you.
You barely miss the orc.
The orc is almost dead.
The orc closely misses you. The orc hits you but does no damage.
You hit the orc but do no damage.
The orc is almost dead.
The orc closely misses you. The orc hits you with a +0 flail!
* * * LOW HITPOINT WARNING * * *
You hit the orc but do no damage. You punch the orc, but do no damage.
The orc is almost dead.
The orc hits you with a +0 short sword.
You die...

.### ... ?.. .. .. .#
##..####.# #..).ooo.#
#@+## ##...## ###
##.....## ###.#
##.......##
##...####.........#
#.......'.........+
##...####.........#
#####..#####.......##
#.........###.....##


You could see an orc priest and 2 orcs.

Vanquished Creatures
  3 adders
  A worm (D:2)
  2 orcs (D:3)
  3 endoplasms
  A giant cockroach (D:1)
  4 goblins
  4 hobgoblins
  3 jackals (D:1)
  2 quokkas (D:2)
  9 ball pythons
  4 bats
  7 kobolds
  5 rats
48 creatures vanquished.

Notes
Turn   | Place    | Note
-------+----------+-------------------------------------------
     0 | D:1      | qeuew the Naga Hedge Wizard began the quest for the Orb.
     0 | D:1      | Reached XP level 1. HP: 15/15 MP: 4/4
   353 | D:1      | Reached XP level 2. HP: 22/22 MP: 4/6
  1027 | D:1      | Found a faded altar of an unknown god.
  1066 | D:1      | Got Plato's Anthology of Congelation
  1358 | D:1      | Reached XP level 3. HP: 28/28 MP: 4/7
  2578 | D:2      | Reached skill level 4 in Stealth
  2842 | D:2      | Reached XP level 4. HP: 35/37 MP: 1/9
  3060 | D:2      | Gained mutation: You are clumsy. (Dex -2) [potion of
                  | mutation]
  3242 | D:3      | HP: 1/37 [orc/+0 flail (8)]
  3243 | D:3      | Slain by an orc

Illustrated notes

Levels and vault maps discovered:
D:1:      dpeg_arrival_water_fire, layout_basic,
          shapermc_ecumenical_altar_rom_forum, hangedman_decor_points
D:2:      layout_loops_ring, minmay_hedge_maze, minmay_quadrilaterals
D:3:      layout_loops_corners, nicolae_uskayaw_murder_on_the_dancefloor,
          portal_sewer_entry_b, pf_guarded_unrand_meek

Skill      XL: |  1  2  3 |
---------------+----------+-----
Conjurations   | 2 |  2.3
Stealth        | 4 |  4.1
Fighting       | |  0.6
Armour         | |  0.6
Dodging        | |  1.7
Spellcasting   | |  3.5
Summonings     | |  1.0
Translocations | |  1.0

Action                   |  1- 3 |  4- 6 || total
-------------------------+-------+-------++-------
Melee: Unarmed           |    35 |     8 ||    43
       Punch             |     2 |     1 ||     3
 Cast: Magic Dart        |   107 |    18 ||   125
 Abil: Spit Poison       |     5 |       ||     5
  Use: Scroll            |     4 |       ||     4
       Potion            |     3 |     1 ||     4
Armor: Robe              |     7 |       ||     7
       Ring mail         |     4 |     6 ||    10
Dodge: Dodged            |    29 |     8 ||    37
